 Dungeon Crawl Stone Soup version 0.18-a0-1639-g7533f42 (webtiles) character file.

115 Zhokez the Chopper (level 4, 0/39 HPs)
             Began as a Deep Dwarf Gladiator on Mar 27, 2016.
             Slain by Natasha (6 damage)
             ... on level 4 of the Dungeon.
             The game lasted 00:03:24 (352 turns).

Zhokez the Chopper (Deep Dwarf Gladiator)            Turns: 352, Time: 00:03:25

Health: 0/39       AC:  4    Str: 20    XL:     4   Next: 68%
Magic:  4/4        EV: 13    Int:  8    God:
Gold:   56         SH:  0    Dex: 13    Spells: 0 memorised, 3 levels left

rFire  . . .     SeeInvis .     a - +0 war axe
rCold  . . .     Gourm    .     b - +0 leather armour
rNeg   + . .     Faith    .     (no shield)
rPois  .         Spirit   .     c - +0 helmet
rElec  .         Dismiss  .     (no cloak)
rCorr  .         Reflect  .     (no gloves)
SustAt .         Harm     .     (no boots)
MR     .....                    i - amulet of magic regeneration
Stlth  +.........               (no ring)
                                j - ring of positive energy

@: lethally poisoned (0 -> 0), non-regenerating, not resistant to hostile
enchantments, very unstealthy
A: damage resistance, recharge devices, sense surroundings 1, slow regeneration
3
a: Device Recharging


You were on level 4 of the Dungeon.
You were not hungry.

You visited 1 branch of the dungeon, and saw 4 of its levels.

You collected 56 gold pieces.

Inventory:

Hand Weapons
 a - a +0 war axe (weapon)
 g - a +3 hand axe
Missiles
 d - 5 throwing nets (quivered)
Armour
 b - a +0 leather armour (worn)
 c - a +0 helmet (worn)
Jewellery
 i - an amulet of magic regeneration (around neck)
 j - a ring of positive energy (left hand)
Wands
 e - a wand of heal wounds (3/9)
Scrolls
 h - 2 scrolls of magic mapping {unknown}
 k - a scroll of recharging {unknown}
 l - a scroll of teleportation {unknown}
Comestibles
 f - 2 bread rations


   Skills:
 + Level 2.2 Fighting
 + Level 4.5 Axes
 - Level 1.8 Throwing
 + Level 1.4 Armour
 + Level 4.3 Dodging
 + Level 0.6 Stealth


You had 3 spell levels left.
You didn't know any spells.

Dungeon Overview and Level Annotations

Branches:
Dungeon (4/15)
 Temple: D:4-7

Altars:

Annotations:
D:4 Natasha


Innate Abilities, Weirdness & Mutations

You are resistant to damage.
You can recharge devices by infusing magical energy.
You passively map a small area around you.
You do not regenerate naturally.


Message History

The hound skeleton closely misses you. Natasha claws you.
The scorpion barely misses you.
You closely miss Natasha.
Natasha is almost dead.
You closely miss the shadow imp. You slash the hound skeleton!
You destroy the hound skeleton!
You hit the scorpion but do no damage. The shadow imp hits you.
Natasha barely misses you. The scorpion stings you.
The shadow imp gestures at you. Pain shoots through your body!
* * * LOW HITPOINT WARNING * * *
Unknown command.
You closely miss Natasha.
Natasha is almost dead.
You closely miss the shadow imp. You barely miss the scorpion.
Natasha claws you.
* * * LOW HITPOINT WARNING * * *
The scorpion closely misses you. The shadow imp closely misses you.
Natasha claws you!
You die...

#...<......### *
#...<........ *
, #..).......# ,
, #..........##
#...........## *
, #.........<...
##........### ,
#....5.....#
#....[@....# * ,
* **
#....sh....# * ,
,
...............
.............###
..!........?.##
$...##.......#*
*, .. .........
* ,#####...... ,


You could see a scorpion, Natasha and a shadow imp.

Vanquished Creatures
  A worker ant (D:4)
  A hound skeleton (D:4)
  Robin (D:3)
  3 gnolls
  An adder (D:2)
  A worm (D:4)
  11 goblins
  5 hobgoblins
  A kobold (D:1)
  A giant newt (D:1)
  3 rats
29 creatures vanquished.

Notes
Turn   | Place    | Note
--------------------------------------------------------------
     0 | D:1      | Zhokez the Deep Dwarf Gladiator began the quest for the Orb.
     0 | D:1      | Reached XP level 1. HP: 19/19 MP: 1/1
   205 | D:2      | Reached XP level 2. HP: 19/26 MP: 2/2
   237 | D:2      | Reached XP level 3. HP: 16/32 MP: 3/3
   281 | D:3      | Noticed Robin
   286 | D:4      | Reached skill level 1 in Armour
   286 | D:4      | Reached XP level 4. HP: 24/39 MP: 4/4
   291 | D:3      | Killed Robin
   338 | D:4      | Noticed Natasha
   352 | D:4      | Slain by Natasha

Vault maps used:
D:1:      enne_arrival_octagon_isle, minmay_fountain_box,
          minmay_misc_feat_diagonals
D:2:      nemelex_deck, tso_metal_star, uniq_iyjb
D:3:      kiku_gazebo_pond_becter, hangedman_glass_teeth, patterned_corridor,
          uniq_jessica, uniq_robin
D:4:      minmay_temple_entry_butterflies, uniq_natasha

Skill      XL: |  1  2  3 |
---------------+----------+-----
Fighting       | 2 |  2.2
Dodging        | 4 |  4.3
Axes           | 4 |  4.5
Armour         | 1 |  1.4
Throwing       | |  1.8
Stealth        | |  0.6

Action                   |  1- 3 |  4- 6 || total
-------------------------+-------+-------++-------
Melee: War axe           |    37 |    15 ||    52
Evoke: Wand              |     1 |     1 ||     2
  Use: Potion            |     2 |       ||     2
